[Event "Late-Titled-Tuesday-Blitz-June-18-2024"]
[Site "Chess.com"]
[Date "2024.06.18"]
[Round "1"]
[White "DishonorOnYourCow"]
[Black "Rud_Makarian"]
[Result "0-1"]
[WhiteElo "2519"]
[BlackElo "3065"]
[TimeControl "180+1"]
[EndTime "14:09:17 PDT"]
[Termination "Rud_Makarian won by resignation"]

1. d4 Nf6 2. c4 d5 3. cxd5 g6 4. Nc3 Nxd5 5. e4 Nxc3 6. bxc3 Bg7 7. Bc4 c5 8. Ne2 O-O 9. O-O Nc6 10. Be3 cxd4 11.
cxd4 b6 12. Rc1 Bb7 13. d5 Na5 14. Bd3 Qd7 15. Qd2 Rac8 16. h3 e6 17. dxe6 Qxe6 18. Nf4 Qd6 19. Bb1 Nc4 20. Qxd6 Nxd6 21. Nd5 Rfe8 22.
Rxc8 Bxc8 23. Rc1 Be6 24. Rc7 Nb5 25. Rb7 Kf8 26. a4 Bxd5 27. exd5 Nc3 28. Bc2 Nxd5 29. Bb3 Rd8 30. Rxa7 Be5 31. Bh6+ Ke8 32. g3 Ne7 33. Bg5 Bd6 34. Be3 Bc5 35. Bxc5 bxc5 36. Rc7 Rb8 37. Bc4 Kd8 38. Rxc5 Rb1+ 39. Kg2 Rc1 40. a5 Nc8 41.
Rd5+ Ke7 42. Be2 Ra1 43. a6 Nd6 44. Rd3 Ra2 45. Re3+ Kd7 46. h4 f5 47. Bf1 Ne4 48. Rb3 Rxf2+ 49. Kg1 Ra2 50. Rd3+ Ke6 51. Re3 Ke5 52.
Rb3 Kd4 53. Rb4+ Ke3 54. Rb3+ Kd4 55. Rb4+ Kc5 56. Rc4+ Kd5 57. Rc1 Kd4 58. Rd1+ Ke5 59. Rd3 Rxa6 60. Rd5+ Kxd5 61. Bxa6 Nxg3 62. Kg2 Ne4 63. Kf3 Ke5 64. Bb7 h6 65. Bc8 g5 66.
hxg5 hxg5 67. Kg2 g4 68. Bb7 Kf4 69. Bc8 Nf6 70. Be6 Kg5 71. Kg3 f4+ 72. Kg2 f3+ 73. Kg3 Nh5+ 74. Kf2 Kf4 75. Bd5 g3+ 76. Kg1 Nf6 77. Bc6 Ng4 78. Bb5 Ne3 79. Bd3 f2+ 80. Kh1 g2+ 0-1

[Event "Late-Titled-Tuesday-Blitz-June-18-2024"]
[Site "Chess.com"]
[Date "2024.06.18"]
[Round "1"]
[White "ChEsper99"]
[Black "ansko1999"]
[Result "1-0"]
[WhiteElo "2244"]
[BlackElo "2591"]
[TimeControl "180+1"]
[EndTime "14:09:17 PDT"]
[Termination "ChEsper99 won by checkmate"]

1. e4 c5 2. c3 Nf6 3. e5 Nd5 4.
d4 cxd4 5. cxd4 Nc6 6. Nf3 d6 7. Bc4 Nb6 8. Bb5 dxe5 9. Nxe5 Bd7 10. Nxd7 Qxd7 11. O-O e6 12. Nc3 a6 13. Bxc6 Qxc6 14.
d5 Nxd5 15. Nxd5 Qxd5 16. Qxd5 exd5 17. Re1+ Be7 18. Bf4 Rd8 19. Rac1 Kf8 20. Rc7 Bb4 21. Rd1 b6 22. h4 h5 23. a3 Be7 24. Rb7 b5 25. g3 g5 26. hxg5 Rg8 27. Rb6 Bxg5 28. Bxg5 Rxg5 29. Rxa6 d4 30. Rc6 Re5 31. Rc2 d3 32.
Rcd2 Re2 33. Rxd3 Rxd3 34. Rxd3 Rxb2 35. Rd5 Rb3 36. Rxh5 Rxa3 37. Rxb5 Kg7 38. Rg5+ Kf6 39. Rg4 Kf5 40. Rf4+ Kg6 41. Kg2 f5 42. Rf3 Ra2 43. Rd3 Kg5 44. Rd6 Ra3 45. Rd7 Kg6 46. Rd8 Kf6 47. Rg8 Ra2 48. Rh8 Ra3 49. Rh4 Kg6 50. Rf4 Kf6 51. Kh3 Kg5 52. Rd4 Ra1 53. Kg2 Kf6 54. f3 Ke5 55. Rf4 Ra2+ 56. Kh3 Ra1 57. Kh4 Rh1+ 58. Kg5 Rg1 59. Rxf5+ Ke6 60. g4 Ra1 61. Rf6+ Ke7 62. f4 Rg1 63. Rf5 Ke6 64. Re5+ Kf7 65. Ra5 Ke6 66. f5+ Ke7 67. Ra7+ Kf8 68.
Kf6 Kg8 69. g5 Rb1 70. g6 Rb6+ 71. Kg5 Rc6 72. f6 Rc8 73. Rd7 Rb8 74. Rg7+ Kh8 75.
Re7 Kg8 76. f7+ Kg7 77. Re8 Rb5+ 78. Kf4 Rb4+ 79. Ke3 Rb3+ 80. Kd4 Rf3 81. Rg8+ Kh6 82. f8=Q+ Rxf8 83. Rxf8 Kxg6 84. Rf3 Kg5 85. Ke4 Kg4 86. Rf7 Kh4 87. Rg7 Kh3 88. Kf5 Kh2 89. Kf4 Kh1 90.
Kf3 Kh2 91. Rg6 Kh3 92. Rh6# 1-0

[Event "Late-Titled-Tuesday-Blitz-June-18-2024"]
[Site "Chess.com"]
[Date "2024.06.18"]
[Round "1"]
[White "EddieMarsalla"]
[Black "FMOlexandrProhorov"]
[Result "1-0"]
[WhiteElo "2678"]
[BlackElo "2371"]
[TimeControl "180+1"]
[EndTime "14:09:19 PDT"]
[Termination "EddieMarsalla won by resignation"]

1. d4 g6 2. c3 Bg7 3. Bg5 c5 4. e3 Qb6 5. Qc2 d6 6. Bd3 Nc6 7.
Nf3 Nf6 8. Nbd2 O-O 9. O-O Bg4 10. h3 Bxf3 11. Nxf3 Rac8 12. Qe2 Qc7 13. Rfe1 e5 14.
Bxf6 Bxf6 15. d5 Ne7 16. e4 Bg7 17. c4 h6 18. g4 Qd7 19. Kh2 f5 20. gxf5 gxf5 21.
Rg1 Kh8 22. Rg2 fxe4 23. Bxe4 Rf4 24. Rag1 Bf6 25. Ne1 Rf8 26. Nd3 Rh4 27. Rg3 Bg5 28.
Bg2 Nf5 29. Rf3 Bf6 30. Ne1 Nd4 31. Qe3 Nxf3+ 32. Nxf3 Rh5 33. Bf1 Qf5 34. Rg3 Qf4 35.
Qxf4 exf4 36. Rg4 Bxb2 37. Nh4 Re8 38. Ng6+ Kh7 39. Bd3 Rg5 40. Rxf4 Rxg6 41. Rf7+ Kg8 42. Bxg6 Re2 43. Rxb7 Be5+ 44. Kg2 Bd4 45. Rxa7 Rxf2+ 46.
Kg3 Rf6 47. Bh7+ Kf8 48. h4 Be5+ 49. Kh3 Rf4 50. Ra4 Bf6 51. h5 Rh4+ 52. Kg3 Rxh5 53. Ra8+ Ke7 54. Ra7+ Kf8 55. Kg4 Rg5+ 56. Kf3 Be5 57.
a4 Rg3+ 58. Ke4 h5 59. a5 h4 60. Bf5 h3 61. Rh7 h2 62. Rxh2 Ra3 63. Rh7 Rxa5 64. Kf3 Ra4 65. Bd3 Ra3 66. Ke4 Ra1 67. Rh3 Re1+ 68.
Kf5 Rd1 69. Ke6 Kg7 70. Rf3 Kg8 71. Bg6 Rg1 72. Bf7+ Kg7 73. Rf2 Kh6 74. Be8 Kg5 75.
Rf5+ Kh4 76. Rxe5 dxe5 77. d6 Rc1 78. Bc6 e4 79. d7 Rd1 80. Bd5 e3 81. d8=Q+ Kg3 82.
Qg5+ Kf2 83. Qf4+ Ke2 84. Bf3+ Kd2 85. Bxd1 Kxd1 86. Qxe3 Kc2 87. Qxc5 1-0

[Event "Late-Titled-Tuesday-Blitz-June-18-2024"]
[Site "Chess.com"]
[Date "2024.06.18"]
[Round "1"]
[White "Statham_01"]
[Black "LoonsDeKoeben"]
[Result "1/2-1/2"]
[WhiteElo "2713"]
[BlackElo "2406"]
[TimeControl "180+1"]
[EndTime "14:09:20 PDT"]
[Termination "Game drawn by repetition"]

1. e4 c5 2. a3 Nf6 3. e5 Nd5 4.
Nc3 Nxc3 5. dxc3 d6 6. Bc4 e6 7. Nf3 d5 8. Bd3 Nc6 9. c4 dxc4 10. Bxc4 Qxd1+ 11. Kxd1 Be7 12. c3 b6 13. Ke2 Bb7 14. h4 Bd8 15. Bf4 Bc7 16. Rhe1 a6 17. a4 Ne7 18. Rad1 Ng6 19. Bg3 h6 20. Rd2 O-O 21.
h5 Ne7 22. Rd7 Bd5 23. Bxd5 Nxd5 24. c4 Rfd8 25. Rxd8+ Rxd8 26. cxd5 exd5 27. b3 Kf8 28.
Kd3 Ke7 29. e6 Bxg3 30. exf7+ Kxf7 31. fxg3 Kf6 32. g4 b5 33. axb5 axb5 34. Ra1 c4+ 35. Kd4 cxb3 36. Rb1 Rc8 37. Rxb3 Rc4+ 38. Kxd5 Rxg4 39.
Rb2 b4 40. Kc5 Kf5 41. Kd5 Rf4 42. Rf2 Kg4 43. Ke5 Rf5+ 44. Ke4 Rf4+ 45. Ke3 Rf6 46. Rb2 Kxh5 47. Rxb4 Kg6 48. Rg4+ Kh7 49. Re4 Rg6 50. Kf2 Rf6 51. g3 Rf7 52. Kg2 Rf6 53. Rh4 Kg6 54. Rg4+ Kh7 55. Ne5 Ra6 56. Nd7 Ra8 57. Nf6+ gxf6 58. Rd4 Kg6 59. Rg4+ Kf5 60. Rf4+ Kg5 61.
Rb4 Ra2+ 62. Kh3 Ra3 63. Rb8 Kf5 64. Rh8 Kg6 65. Rg8+ Kf7 66. Rh8 Kg7 67. Rb8 Kf7 68. Kh4 Ra1 69. Kg4 Rf1 70. Kh5 Rh1+ 71. Kg4 Ke6 72.
Rb6+ Kf7 73. Kf5 Rf1+ 74. Kg4 Kg6 75. Kh3 h5 76. Rb8 Kf5 77. Rb5+ Kg6 78. Rb8 Kf7 79.
Rb7+ Kg6 80. Rb8 1/2-1/2

[Event "Late-Titled-Tuesday-Blitz-June-18-2024"]
[Site "Chess.com"]
[Date "2024.06.18"]
[Round "1"]
[White "Chopper1905"]
[Black "Schattman"]
[Result "1-0"]
[WhiteElo "2905"]
[BlackElo "2491"]
[TimeControl "180+1"]
[EndTime "14:09:29 PDT"]
[Termination "Chopper1905 won on time"]

1. Nf3 Nf6 2. c4 e6 3. g3 d5 4. Bg2 Be7 5. O-O O-O 6. d4 dxc4 7. Qc2 a6 8. a4 Bd7 9. Qxc4 Bc6 10. Bg5 a5 11. Nc3 Ne4 12. Bxe7 Qxe7 13. Qd3 Nxc3 14. bxc3 Nd7 15. c4 b6 16. Ng5 Qxg5 17. Bxc6 Rad8 18. f4 Qe7 19. Rab1 Nc5 20. Qc3 Qd6 21. d5 Ne4 22. Qe3 Qc5 23. Qxc5 Nxc5 24. e4 exd5 25. exd5 f6 26.
Rfe1 Kf7 27. g4 Nd3 28. Re4 Nc5 29. Re3 h5 30. h3 hxg4 31. hxg4 Rh8 32. Rbe1 Rh4 33.
Re7+ Kg6 34. Be8+ Rxe8 35. Rxe8 Rxg4+ 36. Kh2 Rxf4 37. R8e7 Rxc4 38. Rxc7 Rd4 39. Rg1+ Kf5 40. Rgxg7 Rxd5 41. Rc6 Ne4 42. Rxb6 Rd4 43. Rb5+ Kf4 44. Rxa5 Rd2+ 45. Rg2 Rd8 46. Rh5 Ng5 47. Rh4+ Ke3 48. Rhg4 Nf3+ 49. Kg3 Ne5 50. Rg7 Rd4 51. Re7 Rxa4 52. Kh3 Kf4 53. Re8 Kf5 54. Reg8 Ra3+ 55. R8g3 Rxg3+ 56. Kxg3 Ng6 57. Rf2+ Kg5 58. Ra2 Ne5 59.
Ra5 Kf5 60. Rb5 Kg5 61. Kf2 Kf5 62. Ke3 Ke6 63. Ke4 Kd6 64. Rb6+ Ke7 65. Kf5 Nd7 66.
Re6+ Kf7 67. Re1 Ne5 68. Ra1 Nd7 69. Rh1 Ke7 70. Rh7+ Kd6 71. Rf7 Nc5 72. Rxf6+ Kd5 73. Rh6 Nd3 74. Rh4 Nc5 75. Rh5 Nd3 76. Rh8 Nc5 77.
Rd8+ Kc6 78. Ke5 Nd7+ 79. Ke6 Nc5+ 80. Ke7 Nb3 81. Rd1 Nc5 82. Kf6 Ne4+ 83. Ke5 Nc5 84. Rc1 Kb6 85. Kd5 Nd3 86. Rb1+ Kc7 87. Rb3 Nf4+ 88.
Ke5 Ng6+ 89. Kf6 1-0

[Event "Late-Titled-Tuesday-Blitz-June-18-2024"]
[Site "Chess.com"]
[Date "2024.06.18"]
[Round "1"]
[White "GiorgianBarbosa"]
[Black "artin10862"]
[Result "0-1"]
[WhiteElo "2498"]
[BlackElo "2934"]
[TimeControl "180+1"]
[EndTime "14:10:19 PDT"]
[Termination "artin10862 won by checkmate"]

1. c4 e6 2. g3 d5 3. Bg2 dxc4 4. Nf3 Nf6 5. Qa4+ Nbd7 6. Qxc4 a6 7. O-O b5 8. Qc2 Bb7 9. a4 c5 10. d3 Be7 11. Nc3 Qb6 12. Qb3 c4 13. dxc4 Nc5 14. Qa2 b4 15. Nd1 b3 16. a5 Qb4 17. Qa3 Qxc4 18. Nd2 Qxe2 19. Bxb7 Nxb7 20. Qxb3 Nc5 21. Qc4 Qxc4 22. Nxc4 Nb3 23. Rb1 Rc8 24. Nde3 O-O 25. Bd2 Nd5 26. Rfd1 Rfd8 27. Be1 Nxe3 28. Nxe3 Bc5 29.
Kf1 f6 30. Bc3 e5 31. Nc4 Kf7 32. Ke2 Ke6 33. Ne3 Bd4 34. Rd3 Nc5 35. Rdd1 Nb3 36. Rd3 Bxc3 37. bxc3 Rxd3 38. Kxd3 Nxa5 39. Ra1 Rc5 40. Nc2 Kf7 41. Nb4 Nc4 42. Rxa6 Rc8 43. Ra7+ Kg6 44. Nd5 Rc5 45. Ne7+ Kg5 46. h4+ Kg4 47.
Ke2 Nd6 48. Ng8 Nf5 49. Kf1 Rxc3 50. Kg2 Kh5 51. Ne7 Nxe7 52. Rxe7 Kg6 53. Ra7 Rc8 54. Rb7 Rg8 55. Ra7 h5 56. Rb7 Kf5 57. Ra7 g5 58.
hxg5 Rxg5 59. Rh7 Kg6 60. Ra7 Rg4 61. Kf3 Rd4 62. Ra6 h4 63. gxh4 Rxh4 64. Ra5 Rf4+ 65.
Ke3 Kg5 66. Rb5 Kg4 67. Rb6 Rf3+ 68. Ke2 f5 69. Rg6+ Kf4 70. Ra6 e4 71. Rh6 Rb3 72.
Rh4+ Kg5 73. Rh8 Kg4 74. Rg8+ Kf4 75. Ra8 Rb2+ 76. Kf1 Kg4 77. Kg2 f4 78. Rg8+ Kf5 79. Rf8+ Ke5 80. Re8+ Kd5 81. Rd8+ Kc4 82. Rf8 f3+ 83. Kg3 Kd3 84. Rd8+ Ke2 85. Rd4 e3 86. Re4 Rb3 87. Re6 Kf1 88. fxe3 f2 89. Rf6 Rxe3+ 90.
Kh2 Re5 91. Ra6 Rh5+ 92. Kg3 Kg1 93. Ra2 f1=Q 94. Ra1 Rh3+ 95. Kg4 Qxa1 96. Kxh3 Qg7 97. Kh4 Qg6 98. Kh3 Kf2 99. Kh2 Kf3 100. Kh1 Kf2 101.
Kh2 Qg2# 0-1

[Event "Late-Titled-Tuesday-Blitz-June-18-2024"]
[Site "Chess.com"]
[Date "2024.06.18"]
[Round "1"]
[White "Rainbow2014"]
[Black "monomita"]
[Result "0-1"]
[WhiteElo "2439"]
[BlackElo "2789"]
[TimeControl "180+1"]
[EndTime "14:11:25 PDT"]
[Termination "monomita won on time"]

1. e4 e6 2. d4 d5 3. Nc3 Bb4 4.
Ne2 dxe4 5. a3 Bxc3+ 6. Nxc3 Nc6 7. Be3 f5 8. Bb5 Ne7 9. Qh5+ Ng6 10. Bxc6+ bxc6 11.
O-O Ba6 12. Rfe1 Qh4 13. Qxh4 Nxh4 14. Na4 Ng6 15. Nc5 Bc8 16. Bd2 Kf7 17. Ba5 e5 18. Rad1 exd4 19. Rxd4 Be6 20. Bxc7 Rac8 21. Ba5 Ne5 22.
b3 Rhe8 23. Red1 Ng4 24. h3 Nf6 25. c4 g5 26. Nb7 Rb8 27. Nd6+ Kg6 28. Nxe8 Rxe8 29.
Rd8 Re7 30. R8d6 f4 31. Bd8 Re8 32. Bxf6 Kxf6 33. Rxc6 Ke5 34. Rc5+ Kf6 35. Kf1 Rb8 36. b4 g4 37. hxg4 Bxg4 38. Rd6+ Be6 39. Rcc6 Re8 40. c5 Ke5 41. Rc7 Bc4+ 42. Ke1 Rg8 43.
Rxh7 Rg5 44. Re7+ Kf5 45. Rd4 Bd3 46. Rxd3 exd3 47. c6 Rxg2 48. c7 Rg8 49. Rd7 Rc8 50. b5 Ke6 51. Rxd3 Rxc7 52. Ke2 Rc4 53. Rb3 Ra4 54. Kf3 Ke5 55. Rd3 Ra5 56. Rb3 Ra4 57.
Kg4 Rc4 58. f3 Rc1 59. Rb4 Rg1+ 60. Kh4 Rg3 61. a4 Rxf3 62. a5 Ra3 63. b6 axb6 64. axb6 Ra8 65. b7 Rb8 66. Kg4 Kd5 67. Kxf4 Kc6 68.
Rb1 Kc7 69. Ke5 Re8+ 70. Kd5 Kb8 71. Kc6 Re6+ 72. Kd7 Ra6 73. Rb2 Rg6 74. Rb3 Rh6 75. Rb2 Rh7+ 76. Kc6 Rh5 77. Kb6 Rh6+ 78. Ka5 Rh4 79.
Ka6 Ra4+ 80. Kb5 Ra7 81. Kc6 Ra6+ 82. Rb6 Ra1 83. Rb5 Rc1+ 84. Kb6 Rh1 85. Rd5 Rh6+ 86.
Kb5 Kxb7 87. Kc5 Rc6+ 88. Kd4 Rc1 89. Ke5 Re1+ 90. Kd4 Kb6 91. Rd6+ Kb5 92. Rd5+ Kb4 93. Rh5 Rd1+ 94. Ke3 Kc4 95. Ke2 Rd8 96. Kf2 Kd3 97. Rh3+ Kd2 98. Rh6 Rf8+ 99. Kg3 Rf1 100. Rd6+ Ke3 101. Re6+ Kd4 102. Rd6+ Ke5 103. Rd8 Rf7 104. Kg4 Ke4 105.
Kg3 Rg7+ 106. Kf2 Rb7 107. Re8+ Kf4 108. Rf8+ Ke5 109. Re8+ Kd4 110. Rd8+ Kc5 111. Rc8+ Kb6 112. Rc2 Ka7 113. Ra2+ Kb8 114. Rd2 Rf7+ 115. Ke3 Rb7 116. Kd3 Rd7+ 117. Ke2 Rb7 118. Kd3 Rc7 119. Ke2 Re7+ 120. Kd3 Kb7 121. Rb2+ Kc6 122. Rc2+ Kd5 123. Rd2 Rh7 124. Kc3+ Ke4 125. Rd4+ Ke3 126. Rd3+ Ke2 127. Rd2+ Ke1 128. Rd3 Rc7+ 129. Kd4 Ke2 130. Re3+ Kd2 131. Rd3+ Kc2 132. Rh3 Rd7+ 133. Ke5 Rd8 134. Ke6 Rd3 135. Ke7 Rxh3 0-1

[Event "Late-Titled-Tuesday-Blitz-June-18-2024"]
[Site "Chess.com"]
[Date "2024.06.18"]
[Round "2"]
[White "Charodej1"]
[Black "miraitrunks"]
[Result "1-0"]
[WhiteElo "2466"]
[BlackElo "2176"]
[TimeControl "180+1"]
[EndTime "14:12:54 PDT"]
[Termination "Charodej1 won by resignation"]

1. Nf3 d5 2. g3 Nf6 3. Bg2 c5 4. O-O Nc6 5. d3 e5 6. c4 dxc4 7. dxc4 Qxd1 8. Rxd1 Be6 9. b3 Rd8 10. Rxd8+ Kxd8 11. Bb2 Bd6 12. Nc3 h6 13. Rd1 Kc7 14. Nb5+ 1-0

[Event "Late-Titled-Tuesday-Blitz-June-18-2024"]
[Site "Chess.com"]
[Date "2024.06.18"]
[Round "2"]
[White "Bykov_Egor"]
[Black "Juandiv_Chessmood"]
[Result "1-0"]
[WhiteElo "2657"]
[BlackElo "1455"]
[TimeControl "180+1"]
[EndTime "14:13:53 PDT"]
[Termination "Bykov_Egor won by resignation"]

1. Nf3 c5 2. e3 g6 3. d4 d5 4. b3 Bg7 5. Bb2 Nf6 6. dxc5 Qa5+ 7. Nbd2 Qxc5 8. c4 O-O 9. a3 a5 10. Rc1 Nc6 11. cxd5 Qxd5 12. Bc4 Qd8 13. O-O Bg4 14. Qe2 Ne5 15. Bxe5 1-0

[Event "Late-Titled-Tuesday-Blitz-June-18-2024"]
[Site "Chess.com"]
[Date "2024.06.18"]
[Round "2"]
[White "Adar_07"]
[Black "Gangster-accountant01"]
[Result "1-0"]
[WhiteElo "2827"]
[BlackElo "2565"]
[TimeControl "180+1"]
[EndTime "14:13:55 PDT"]
[Termination "Adar_07 won by resignation"]

1. e4 c5 2. Nf3 e6 3. d4 cxd4 4. Nxd4 Nf6 5. Nc3 Nc6 6. Ndb5 d6 7. Bf4 e5 8. Bg5 a6 9. Bxf6 gxf6 10. Na3 b5 11.
Nd5 Bg7 12. c3 Be6 13. Nc2 f5 14. exf5 Bxf5 15. Nce3 Bg6 16. a4 bxa4 17. Qxa4 Rf8 18. Qxc6+ 1-0

[Event "Late-Titled-Tuesday-Blitz-June-18-2024"]
[Site "Chess.com"]
[Date "2024.06.18"]
[Round "2"]
[White "ninjatrick"]
[Black "Rochachade"]
[Result "1-0"]
[WhiteElo "2478"]
[BlackElo "2181"]
[TimeControl "180+1"]
[EndTime "14:14:07 PDT"]
[Termination "ninjatrick won by checkmate"]

1. Nf3 Nf6 2. b3 g6 3. Bb2 Bg7 4.
e3 O-O 5. Be2 d5 6. O-O c5 7. d4 b6 8. Nbd2 Bb7 9. Ne5 e6 10.
Rc1 Nbd7 11. f4 Ne4 12. c4 Nxe5 13. fxe5 Nxd2 14. Qxd2 Bxe5 15. dxe5 Qh4 16. Rf4 Qg5 17. Rcf1 dxc4 18. Bxc4 Rad8 19. Qf2 Rd7 20. Bxe6 Re7 21. Bxf7+ Rexf7 22. Rxf7 Rxf7 23. Qxf7+ Kh8 24. Qf8# 1-0

[Event "Late-Titled-Tuesday-Blitz-June-18-2024"]
[Site "Chess.com"]
[Date "2024.06.18"]
[Round "2"]
[White "jero888"]
[Black "ATM622"]
[Result "0-1"]
[WhiteElo "2343"]
[BlackElo "2537"]
[TimeControl "180+1"]
[EndTime "14:14:08 PDT"]
[Termination "ATM622 won by resignation"]

1. e4 c6 2. d4 d5 3. Nc3 dxe4 4. Nxe4 Bf5 5. Ng3 Bg6 6. h4 h6 7. Nf3 Nd7 8. h5 Bh7 9. Bd3 Bxd3 10. Qxd3 Ngf6 11.
Bf4 e6 12. O-O-O Be7 13. Ne4 Nxe4 14. Qxe4 Nf6 15. Qe2 Qd5 16. Kb1 Qe4 17. Qd2 O-O 18. Rde1 Qh7 19. Ne5 Rad8 20. g3 c5 0-1

[Event "Late-Titled-Tuesday-Blitz-June-18-2024"]
[Site "Chess.com"]
[Date "2024.06.18"]
[Round "2"]
[White "dretch"]
[Black "MKlose11"]
[Result "1-0"]
[WhiteElo "2851"]
[BlackElo "2572"]
[TimeControl "180+1"]
[EndTime "14:14:17 PDT"]
[Termination "dretch won by resignation"]

1. d4 Nf6 2. c4 c5 3. d5 b5 4. Nf3 bxc4 5. Nc3 d6 6. e4 g6 7. Bxc4 Bg7 8. e5 dxe5 9. Nxe5 O-O 10. O-O Nfd7 11. Nxf7 Rxf7 12. d6 Ne5 13. Bxf7+ Nxf7 14. Qd5 Ba6 15. Qxa8 Bxf1 16. dxe7 Qe8 17. Kxf1 Bxc3 18. bxc3 Qb5+ 19. Kg1 Kg7 20. Bf4 1-0

[Event "Late-Titled-Tuesday-Blitz-June-18-2024"]
[Site "Chess.com"]
[Date "2024.06.18"]
[Round "2"]
[White "ameetghasi100"]
[Black "szachmistrz2500"]
[Result "1-0"]
[WhiteElo "2749"]
[BlackElo "2492"]
[TimeControl "180+1"]
[EndTime "14:14:54 PDT"]
[Termination "ameetghasi100 won by resignation"]

1. b3 c5 2. Bb2 d5 3. e3 a6 4. Nf3 Nc6 5. c4 d4 6. exd4 cxd4 7. g3 Bg4 8. h3 Bh5 9. Bg2 e5 10. d3 Bb4+ 11. Nbd2 Nf6 12. O-O O-O 13. a3 Bc3 14. Qc2 Bxb2 15. Qxb2 Re8 16. Rfe1 h6 17.
Nh4 Nd7 18. b4 f6 19. c5 Bf7 20. Nf5 Nf8 21. Nd6 Re7 22. a4 a5 23. b5 Nb4 24.
Ra3 Bd5 25. Bxd5+ Nxd5 26. Qa2 1-0

[Event "Late-Titled-Tuesday-Blitz-June-18-2024"]
[Site "Chess.com"]
[Date "2024.06.18"]
[Round "2"]
[White "olakenn"]
[Black "MarceloPlaya"]
[Result "0-1"]
[WhiteElo "1863"]
[BlackElo "2417"]
[TimeControl "180+1"]
[EndTime "14:15:00 PDT"]
[Termination "MarceloPlaya won by resignation"]

1. e4 e6 2. d4 d5 3. exd5 exd5 4. Nf3 Bd6 5. Bd3 Nf6 6. O-O O-O 7. Bg5 h6 8. Bxf6 Qxf6 9. Re1 Bg4 10. c3 Nd7 11.
Be2 Rfe8 12. Nbd2 Re7 13. h3 Bh5 14. Ne5 Bxe2 15. Nxd7 Qf4 16. g3 Bxd1 17. gxf4 Rxe1+ 18. Kg2 Bf3+ 19. Kxf3 Rxa1 0-1

[Event "Late-Titled-Tuesday-Blitz-June-18-2024"]
[Site "Chess.com"]
[Date "2024.06.18"]
[Round "2"]
[White "Perecke"]
[Black "Connectedcloud"]
[Result "1-0"]
[WhiteElo "2540"]
[BlackElo "2347"]
[TimeControl "180+1"]
[EndTime "14:15:05 PDT"]
[Termination "Perecke won by resignation"]

1. d4 Nf6 2. c4 e6 3. Nc3 Bb4 4. Nf3 O-O 5. Bg5 c5 6. e3 Nc6 7. Bd3 h6 8. Bh4 Bxc3+ 9. bxc3 d6 10. O-O e5 11. d5 Na5 12. Nd2 g5 13. Bg3 b6 14. f4 exf4 15. exf4 g4 16. Bh4 Kg7 17. Ne4 Nxe4 18. Bxd8 Nxc3 19. Qc2 1-0

[Event "Late-Titled-Tuesday-Blitz-June-18-2024"]
[Site "Chess.com"]
[Date "2024.06.18"]
[Round "2"]
[White "NajdorfPlayerc5"]
[Black "geychess"]
[Result "1-0"]
[WhiteElo "2427"]
[BlackElo "1927"]
[TimeControl "180+1"]
[EndTime "14:15:12 PDT"]
[Termination "NajdorfPlayerc5 won by resignation"]

1. d4 d5 2. c4 c6 3. cxd5 cxd5 4. Bf4 Nf6 5. e3 Nc6 6. Nc3 e6 7. Bd3 Bd6 8. Nf3 Bxf4 9. exf4 Bd7 10. O-O Rc8 11. a3 Qb6 12. Na4 Qd8 13. Nc5 Nxd4 14. Nxd7 Nxf3+ 15. Qxf3 Qxd7 16. f5 O-O 17. fxe6 fxe6 18.
Qh3 e5 19. Bf5 Qb5 20. Be6+ Kh8 21. Bxc8 1-0

[Event "Late-Titled-Tuesday-Blitz-June-18-2024"]
[Site "Chess.com"]
[Date "2024.06.18"]
[Round "2"]
[White "CrushingKings"]
[Black "wonderfultime"]
[Result "1-0"]
[WhiteElo "2648"]
[BlackElo "3019"]
[TimeControl "180+1"]
[EndTime "14:15:13 PDT"]
[Termination "CrushingKings won by resignation"]

1. e4 e5 2. Nf3 Nc6 3. Bc4 Bc5 4. c3 Nf6 5. d3 d6 6. O-O a6 7. Bb3 Ba7 8. Re1 O-O 9. h3 h6 10. Nbd2 Ne7 11. Nf1 Ng6 12. Ng3 Re8 13. d4 Be6 14.
Bc2 c6 15. Be3 Qc7 16. Qd2 Rad8 17. Nf5 Bxf5 18. exf5 Nf8 19. Bxh6 gxh6 20. Qxh6 N8h7 21. Ng5 Qe7 22. Nxh7 Nxh7 23. f6 Nxf6 24. Re3 1-0

[Event "Late-Titled-Tuesday-Blitz-June-18-2024"]
[Site "Chess.com"]
[Date "2024.06.18"]
[Round "2"]
[White "AlexanderMatlak"]
[Black "InadaC"]
[Result "1/2-1/2"]
[WhiteElo "2477"]
[BlackElo "2239"]
[TimeControl "180+1"]
[EndTime "14:15:19 PDT"]
[Termination "Game drawn by agreement"]

1. c4 Nf6 2. Nf3 e6 3. g3 d5 4. Bg2 c5 5. O-O Nc6 6. cxd5 exd5 7. d4 cxd4 8. Nxd4 Bc5 9. Nb3 Bb6 10. Nc3 Be6 11.
Bg5 O-O 12. Rc1 h6 13. Bxf6 Qxf6 14. Nxd5 Bxd5 15. Qxd5 Qxb2 16. Qd2 Qf6 17. Nc5 Rad8 18. Qc3 Qxc3 19. Rxc3 Bxc5 20. Rxc5 Rd2 21. Bxc6 bxc6 22. Rxc6 Rxe2 23. Ra6 Re7 24. Rd1 Rb8 25. Rd2 Rbb7 26.
Kg2 Kh7 27. h4 Re5 28. Rd3 Ree7 29. Rda3 h5 30. R3a5 g6 1/2-1/2

[Event "Late-Titled-Tuesday-Blitz-June-18-2024"]
[Site "Chess.com"]
[Date "2024.06.18"]
[Round "2"]
[White "Bugcrusher"]
[Black "hblanco"]
[Result "0-1"]
[WhiteElo "2384"]
[BlackElo "2708"]
[TimeControl "180+1"]
[EndTime "14:15:28 PDT"]
[Termination "hblanco won by resignation"]

1. d4 d5 2. c4 e6 3. Nf3 a6 4. Bg5 Be7 5. Bxe7 Qxe7 6. Nbd2 Nf6 7. g3 O-O 8. Bg2 Nbd7 9. O-O Rd8 10. Qc2 c5 11.
cxd5 Nxd5 12. dxc5 Nxc5 13. Rac1 b6 14. Ne5 Bb7 15. a3 Rac8 16. Ne4 Nd7 17. Qxc8 Rxc8 18. Nxd7 Qxd7 19. Rxc8+ Bxc8 20. Rc1 Bb7 21. e3 g6 22. Rd1 Qe7 23. b4 Kg7 24. h4 Qc7 25. g4 Qc2 26. Rd4 e5 0-1

[Event "Late-Titled-Tuesday-Blitz-June-18-2024"]
[Site "Chess.com"]
[Date "2024.06.18"]
[Round "2"]
[White "ZverevLev"]
[Black "elis06"]
[Result "1-0"]
[WhiteElo "2707"]
[BlackElo "2376"]
[TimeControl "180+1"]
[EndTime "14:15:28 PDT"]
[Termination "ZverevLev won by checkmate"]

1. e4 c5 2. Nf3 a6 3. c4 Nc6 4.
Nc3 e5 5. d3 d6 6. Be2 g6 7.
Be3 Bg7 8. Qd2 Nge7 9. Bh6 O-O 10. h4 Bg4 11. h5 f5 12. Bxg7 Kxg7 13. hxg6 hxg6 14. Qh6+ Kf7 15. Ng5+ Ke8 16. Ne6 Qa5 17. Qxf8+ Kd7 18. Qxa8 Bxe2 19. Nf8+ Kc7 20. Kxe2 Nd4+ 21.
Kf1 Qb4 22. Qe8 Nec6 23. Nd5# 1-0

[Event "Late-Titled-Tuesday-Blitz-June-18-2024"]
[Site "Chess.com"]
[Date "2024.06.18"]
[Round "2"]
[White "Bryanl106"]
[Black "ALRS-SPS"]
[Result "1-0"]
[WhiteElo "2722"]
[BlackElo "2414"]
[TimeControl "180+1"]
[EndTime "14:15:37 PDT"]
[Termination "Bryanl106 won by resignation"]

1. e4 c5 2. Nf3 e6 3. g3 g6 4. Bg2 Bg7 5. O-O Nc6 6. c3 Nge7 7. d4 cxd4 8. cxd4 d5 9. e5 O-O 10. Nc3 a6 11. h4 h5 12. Bg5 b5 13. Rc1 Qb6 14.
Qd2 Nf5 15. Rfd1 Bd7 16. Bh3 Nfe7 17. Bf6 Rfe8 18. Qg5 a5 19. a3 Rac8 20. g4 hxg4 21. Bxg4 Kh7 22. h5 Bh6 23. hxg6+ Nxg6 24. Qh5 Nf4 25.
Qxf7+ 1-0

[Event "Late-Titled-Tuesday-Blitz-June-18-2024"]
[Site "Chess.com"]
[Date "2024.06.18"]
[Round "2"]
[White "sergiochess83"]
[Black "10n0l20"]
[Result "1-0"]
[WhiteElo "2876"]
[BlackElo "2467"]
[TimeControl "180+1"]
[EndTime "14:15:41 PDT"]
[Termination "sergiochess83 won by resignation"]

1. e4 e5 2. Nf3 Nc6 3. Bb5 a6 4. Ba4 Nf6 5. O-O b5 6. Bb3 Bc5 7. Nc3 d6 8. Nd5 O-O 9. c3 Bg4 10. h3 Bh5 11. Nxf6+ Qxf6 12. g4 Bg6 13. d4 Bxe4 14. Ng5 exd4 15. Nxe4 Qe5 16. Qf3 dxc3 17. bxc3 Bb6 18. Bd5 Qe8 19. Bxc6 1-0

[Event "Late-Titled-Tuesday-Blitz-June-18-2024"]
[Site "Chess.com"]
[Date "2024.06.18"]
[Round "2"]
[White "champ2005"]
[Black "Renatoforf"]
[Result "1-0"]
[WhiteElo "3069"]
[BlackElo "2119"]
[TimeControl "180+1"]
[EndTime "14:15:42 PDT"]
[Termination "champ2005 won by resignation"]

1. e4 c5 2. Nf3 d6 3. b3 Nf6 4. d3 g6 5. Bb2 Bg7 6. g3 O-O 7. Bg2 Nc6 8. O-O e5 9. Nc3 Bg4 10. h3 Bxf3 11. Qxf3 Nd4 12. Qd1 Nd7 13. Nd5 Nb6 14.
Ne3 Rc8 15. a4 a5 16. Kh1 Nd7 17. Nc4 Qc7 18. Qd2 b6 19. h4 h5 20. Rae1 Rce8 21. Qd1 Kh7 22. Bc1 Bh6 23. Bxh6 Kxh6 24. Ne3 Kg7 25. Nd5 Qd8 26. Bh3 Nf6 27. Ne3 Kh7 28. Bg2 Qd7 29. c3 Ne6 30. f4 exf4 31. gxf4 Ng7 32. Qf3 Re7 33. Bh3 Qd8 34. c4 Rh8 35. Rg1 Kg8 36. f5 Rh6 37. fxg6 fxg6 38. Qxf6 1-0